 Dungeon Crawl Stone Soup version 0.28-a0-1594-ga885d4b3d6 (webtiles) character file.

Game seed: 15546441042244944883

82 croobank the Sneak (level 4, 0/27 HPs)
             Began as an Octopode Fire Elementalist on Jan 21, 2022.
             Slain by a water moccasin (6 damage)
             ... on level 5 of the Dungeon.
             The game lasted 00:07:05 (2019 turns).

croobank the Sneak (Octopode Fire Elementalist)     Turns: 2019, Time: 00:07:06

Health: 0/27       AC:  1    Str:  9    XL:     4   Next: 43%
Magic:  1/7        EV: 13    Int: 17    God:
Gold:   84         SH:  0    Dex: 12    Spells: 5/8 levels left

rFire   . . .      SeeInvis .   (no weapon)
rCold   . . .      Faith    .   (no shield)
rNeg    . . .      Spirit   .   (helmet restricted)
rPois   .          Reflect  .   (no amulet)
rElec   .          Harm     .   (no ring)
rCorr   .          Rampage  .   (no ring)
Will    .....                   (no ring)
Stlth   +++.......              (no ring)
HPRegen 0.09/turn               (no ring)
MPRegen 0.10/turn               (no ring)
                                (no ring)
                                (no ring)

@: no status effects
A: almost no armour, amphibious, 8 rings, camouflage 1, gelatinous body 1,
(nimble swimmer 1), tentacles
a: no special abilities


You were on level 5 of the Dungeon.
You visited 1 branch of the dungeon, and saw 4 of its levels.

You collected 84 gold pieces.

Inventory:

Hand Weapons
 l - a +0 long sword
Missiles
 d - 89 stones
 f - 25 bolts
Magical Staves
 k - a staff of earth
Wands
 c - a wand of polymorph (9)
Scrolls
 g - a scroll of blinking
 h - a scroll of teleportation {unknown}
 j - a scroll of immolation {unknown}
Potions
 a - a potion of haste {unknown}
 b - a potion of lignification {unknown}
 i - a potion of degeneration {unknown}


   Skills:
 + Level 2.6 Dodging
 + Level 3.7 Stealth
 + Level 2.5 Spellcasting
 + Level 2.0 Conjurations
 + Level 3.4 Fire Magic


You had 5 spell levels left.
You knew the following spells:

 Your Spells              Type           Power      Damage    Failure   Level
a - Foxfire               Conj/Fire      44%        2x1d6     6%          1
b - Scorch                Fire           28%        2d6       7%          2

Your spell library contained the following spells:

 Spells                   Type           Power      Damage    Failure   Level
 Conjure Flame            Conj/Fire      11%        6-21      19%         3
 Inner Flame              Hex/Fire       8%         N/A       26%         3
 Flame Wave               Conj/Fire      11%        2d5       52%         4


Dungeon Overview and Level Annotations

Branches:
Dungeon (3/15)

Altars:

Annotations:
D:2 Sigmund


Innate Abilities, Weirdness & Mutations

You cannot wear most types of armour.
You are amphibious.
You can wear up to eight rings at the same time.
Your skin changes colour to match your surroundings (Stealth+).
Your rubbery body absorbs attacks. (AC +1, EV +1)
((You are camouflaged when in or above water. (Stealth+)))
You have tentacles for arms and can constrict up to eight enemies at once.


Message History

Casting: Scorch (safe; 7% risk of failure)
Confirm with . or Enter, or press ? or * to list all spells.
Flames lash the hobgoblin.
You kill the hobgoblin!
A sourceless malevolence fills the Dungeon...
You fall into a shaft and drop 2 floors!
The shaft crumbles and collapses.
A jelly comes into view.
Found a stone staircase leading down.
Found a stone staircase leading up.
A water moccasin comes into view.
The water moccasin hisses angrily.
The water moccasin bites you.
Casting: Scorch (safe; 7% risk of failure)
Confirm with . or Enter, or press ? or * to list all spells.
Flames lash the water moccasin.
The water moccasin is lightly wounded.
The water moccasin's fire resistance burns away.
The water moccasin bites you.
You are poisoned.
The water moccasin poisons you! The water moccasin bites you.
You are lethally poisoned!
The water moccasin poisons you!
Casting: Scorch (safe; 7% risk of failure)
Confirm with . or Enter, or press ? or * to list all spells.
Flames lash the water moccasin.
The water moccasin is burned terribly!
The water moccasin is heavily wounded.
You feel extremely sick. The water moccasin barely misses you.
Casting: Scorch (safe; 7% risk of failure)
Confirm with . or Enter, or press ? or * to list all spells.
Flames lash the water moccasin.
The water moccasin is burned terribly!
The water moccasin is almost dead.
* * * LOW HITPOINT WARNING * * *
You feel very sick. The water moccasin bites you.
* * * LOW HITPOINT WARNING * * *
You feel better. The water moccasin barely misses you.
The water moccasin bites you.
You die...

#.......# #.♣...♣.#
#.....# ###
#.###..♣.# ##
............###....
#.#.............>.
#.#.#####.###.###
#S######.###.##
#@.............
#.#####.###.### #.#
#.# #.# #.# #.# #..
#.# ### #.# #.#


You could see a water moccasin (combustible).

Vanquished Creatures
  An adder (D:2)
  4 gnolls (D:2)
  A worm (D:2)
  A dart slug (D:1)
  2 bats
  3 endoplasms
  A giant cockroach (D:2)
  2 goblins
  8 hobgoblins
  A ball python (D:1)
  A frilled lizard (D:1)
  3 kobolds
  5 rats
33 creatures vanquished.

Vanquished Creatures (others)
  4 foxfires (D:1)
4 creatures vanquished.

Grand Total: 37 creatures vanquished

Notes
Turn   | Place    | Note
-------+----------+-------------------------------------------
     0 | D:1      | croobank the Octopode Fire Elementalist began the quest for
                  | the Orb.
     0 | D:1      | Reached XP level 1. HP: 11/11 MP: 3/3
   786 | D:1      | Reached XP level 2. HP: 16/17 MP: 5/5
  1090 | D:1      | Learned a level 2 spell: Scorch
  1177 | D:2      | Reached XP level 3. HP: 19/21 MP: 1/6
  1419 | D:2      | Reached XP level 4. HP: 27/27 MP: 2/7
  1827 | D:2      | Noticed Sigmund
  2006 | D:3      | You fall into a shaft and drop 2 floors!
  2006 | D:5      | Entered Level 5 of the Dungeon
  2014 | D:5      | Noticed a water moccasin
  2018 | D:5      | HP: 1/27 [water moccasin (5)]
  2019 | D:5      | Slain by a water moccasin

Illustrated notes

Levels and vault maps discovered:
D:1:      grunt_arrival_crossed_arrows, layout_basic, serial_curves,
          eino_curves_03, eino_curves_02
D:2:      layout_loops_ring, ebering_ecumenical_altar_hall, uniq_sigmund
D:3:      layout_loops_ring
D:5:      layout_loops_ring, minmay_temple_entry_mist, minmay_misc_feat_tiny,
          minmay_misc_feat_cross, grunt_ministairs_2

Skill      XL: |  1  2  3  4 |
---------------+-------------+-----
Stealth        | 3 |  3.7
Conjurations   | 2 |  2.0
Dodging        | |  2.6
Spellcasting   | |  2.5
Fire Magic     | |  3.4

Action                   |  1- 3 |  4- 6 || total
-------------------------+-------+-------++-------
Melee: Unarmed           |    39 |     6 ||    45
       Constrict         |    10 |     1 ||    11
       Tentacles         |     7 |     4 ||    11
       Punch             |     1 |       ||     1
 Cast: Foxfire           |     3 |       ||     3
       Scorch            |    12 |    17 ||    29
  Use: Scroll            |     2 |       ||     2
       Potion            |       |     2 ||     2
 Stab: Sleeping          |     3 |       ||     3
Armor: Skin              |     2 |       ||     2
Dodge: Dodged            |    26 |     9 ||    35

Table legend: (Time is in decaauts)
 A = Elapsed time spent in this place.
 B = Non-inter-level travel time spent in this place.
 C = Inter-level travel time spent in this place.
 D = Time resting spent in this place.
 E = Time spent auto-exploring this place.
 F = Levels seen in this place.
 G = Mean time per level.
                   A        B        C        D        E       F      G
               +--------+--------+--------+--------+--------+-----+--------+
         Total |   2018 |   2011 |      7 |      0 |   1638 |   4 |  504.5 |
       Dungeon |   2018 |   2011 |      7 |      0 |   1638 |   4 |  504.5 |
               +--------+--------+--------+--------+--------+-----+--------+

Top non-repeatable levels by time:
     D:1: 1168 daAuts
     D:2: 672 daAuts
     D:3: 164 daAuts
     D:5: 12 daAuts
